 Dungeon Crawl Stone Soup version 0.31.0-11-ge490571c62 (webtiles) character file.

Game seed: 14537700331859368454

2175 ezpacito the Chopper (level 9, -2/68 HPs)
             Began as a Demonspawn Berserker on Jan 29, 2024.
             Was a Priest of Trog.
             Slain by a yak (9 damage)
             ... on level 6 of the Dungeon.
             The game lasted 00:09:31 (4723 turns).

ezpacito the Chopper (Demonspawn Berserker)         Turns: 4723, Time: 00:09:31

Health: -2/68      AC: 16    Str: 18    XL:     9   Next: 11%
Magic:  9/9        EV:  7    Int:  8    God:    Trog [***...]
Gold:   360        SH:  9    Dex: 16    Spells: 8/8 levels left

rFire   . . .        A - +5 great sword of War {flame, +Blink Stlth+}
rCold   . . .        (shield currently unavailable)
rNeg    . . .        s - +0 plate armour
rPois   +            (no helmet)
rElec   .            d - +2 cloak
rCorr   +            u - +0 pair of gloves
SInv    .            (no boots)
Will    .....        b - amulet of reflection Stlth
                     h - ring of resist corrosion
HPRegen 0.31/turn    r - ring of poison resistance
MPRegen 0.11/turn

%: reflection
@: on berserk cooldown, hasted and slowed
A: condensation shield, demonic magic 3, demonic touch 2
a: Renounce Religion, Evoke Blink, Berserk, Trog's Hand


You were on level 6 of the Dungeon.
You worshipped Trog.
Trog was most pleased with you.
You visited 1 branch of the dungeon, and saw 6 of its levels.

You collected 360 gold pieces.

Inventory:

Hand Weapons
 a - a +0 hand axe
 n - a +1 vampiric dagger
 A - the +5 great sword of War (weapon) {flame, +Blink Stlth+}
   (You found it on level 6 of the Dungeon)

   +Blink:    It lets you blink.
   Stlth+:    It makes you more stealthy.
 C - a +4 quarterstaff of chaos
 E - a +0 hammer of protection
Missiles
 j - 71 stones (quivered)
 m - 24 poisoned darts
 y - 2 boomerangs
 B - 2 throwing nets
Armour
 d - a +2 cloak (worn)
 s - a +0 plate armour (worn)
 u - a +0 pair of gloves (worn)
Jewellery
 b - an amulet of reflection (around neck)
 h - a ring of resist corrosion (left hand)
 q - an amulet of guardian spirit
 r - a ring of poison resistance (right hand)
 D - a ring of protection from cold
Talismans
 v - a blade talisman
Wands
 l - a wand of polymorph (8)
Scrolls
 f - 4 scrolls of teleportation
 i - a scroll of enchant armour
 k - 2 scrolls of amnesia {unknown}
 o - 2 scrolls of vulnerability
 p - a scroll of blinking {unknown}
 z - a scroll of torment {unknown}
 F - a scroll of silence {unknown}
Potions
 c - 2 potions of heal wounds
 e - a potion of haste
 g - a potion of attraction {unknown}
 t - 3 potions of mutation
 w - 2 potions of berserk rage {unknown}
 x - 7 potions of curing {unknown}


   Skills:
 * Level 5.0 Fighting
 * Level 0.8 Long Blades
 * Level 7.0 Axes
 * Level 4.8 Armour
 * Level 4.0 Dodging
 * Level 3.1 Stealth
 + Level 2.4 Shields
 * Level 3.3 Unarmed Combat


You had 8 spell levels left.
You didn't know any spells.
Your spell library contained the following spells:

 Spells                   Type           Power      Damage    Failure   Level
 Olgreb's Toxic Radiance  Alch           0%         N/A       100%        4
 Ozocubu's Refrigeration  Ice            0%         4d7       100%        7
 Discord                  Hex            0%         N/A       100%        8


Dungeon Overview and Level Annotations

Branches:
Dungeon (6/15)
 Temple: D:4-7

Altars:
Cheibriados
Vehumet
Yredelemnul

Annotations:
D:6 2 runed translucent doors


Innate Abilities, Weirdness & Mutations

A meltable shield of frost defends you. (SH +4)
Spells you cast and wands you use may paralyse nearby enemies.
Your touch may inflict irresistible damage on your foes.


Message History

There is a large open translucent door, spattered with blood here.
You slice the yak!! You burn the yak.
The yak is severely wounded.
You block the yak's attack. The two-headed ogre closely misses you.
The two-headed ogre hits you with a +0 giant spiked club!
You barely miss the yak.
The yak is severely wounded.
You block the yak's attack.
You barely miss the yak.
The yak is severely wounded.
You are no longer berserk.
You are exhausted.
You feel yourself slow down. You block the yak's attack.
The two-headed ogre closely misses you.
The two-headed ogre hits you with a +0 giant spiked club!
You feel yourself speed up.
The yak snorts and paws the ground.
You block the yak's attack.
The two-headed ogre hits you with a +0 giant club.
The two-headed ogre hits you with a +0 giant spiked club!
The yak gores you.
The phantom hits you but does no damage.
The two-headed ogre attacks as it pursues you!
The two-headed ogre barely misses you. You block the two-headed ogre's attack.
There are monsters nearby!
The phantom hits you but does no damage.
You begin transforming.
You continue transforming.
The two-headed ogre barely misses you.
The two-headed ogre hits you but does no damage.
The phantom closely misses you.
You continue transforming.
The two-headed ogre hits you with a +0 giant club.
The two-headed ogre hits you with a +0 giant spiked club!
* * * LOW HITPOINT WARNING * * *
The yak gores you!
* * * LOW HITPOINT WARNING * * *
The phantom barely misses you.
You continue transforming.
The yak gores you!
You die...

...#...###..##++##
........##.##8..8## #..#
........##.#8....8# ##..#
.........#.#[....(# #...#
...........#[....)# ######...#
.#.##......#8....8# #....##..#
##.###..#..##8..8#######..#..#
##..###.#...##'O##.'.#.##.#..#
#..............W@..#..#.#.#..#
....##....##...Y...#.####)#..#
#......##.#.#......##....##..#
####.###..#....#....######...#
..#..###.......##............#
.....##....>...........####.##
............................#
.........<.............######
............#..#.......#


You could see a two-headed ogre, a yak and a phantom.

Vanquished Creatures
  A two-headed ogre (D:6)
  Grinder (D:6)
  A steam dragon (D:6)
  A water moccasin (D:6)
  2 sky beasts (D:6)
  A black bear (D:4)
  An ogre (D:6)
  A phantom (D:6)
  A weeping skull (D:3)
  A bullfrog (D:6)
  A howler monkey (D:4)
  An orc priest (D:6)
  A jelly (D:5)
  2 bombardier beetles
  Crazy Yiuf (D:5)
  3 sleepcaps (D:6)
  2 orc wizards
  An iguana (D:5)
  7 gnolls
  9 adders
  2 white imps
  2 adder skeletons (D:3)
  4 dart slugs
  3 ribbon worms
  9 orcs
  4 ball pythons
  6 bats
  8 endoplasms
  3 giant cockroaches (D:1)
  9 goblins
  3 hobgoblins
  6 jackals
  5 kobolds
  4 quokkas
  3 frilled lizards
  4 rats
  A spectral orc (D:3)
115 creatures vanquished.

Notes
Turn   | Place    | Note
-------+----------+-------------------------------------------
     0 | D:1      | ezpacito the Demonspawn Berserker began the quest for the
                  | Orb.
     0 | D:1      | Reached XP level 1. HP: 18/18 MP: 1/1
   136 | D:1      | Gained mutation: Spells you cast may paralyse adjacent
                  | enemies. [demonic ancestry]
   136 | D:1      | Reached XP level 2. HP: 7/24 MP: 2/2
   294 | D:1      | Reached skill level 3 in Axes
   600 | D:1      | Gained mutation: Your touch may inflict minor irresistible
                  | damage on your foes. [demonic ancestry]
   600 | D:1      | Reached XP level 3. HP: 24/29 MP: 3/3
  1130 | D:2      | Reached ** piety under Trog
  1131 | D:2      | Reached XP level 4. HP: 35/35 MP: 4/4
  1545 | D:2      | Found a radiant altar of Vehumet.
  1657 | D:2      | Reached skill level 1 in Unarmed Combat
  1657 | D:2      | Gained mutation: A meltable shield of frost defends you.
                  | (SH +4) [demonic ancestry]
  1657 | D:2      | Reached XP level 5. HP: 35/42 MP: 5/5
  1949 | D:3      | Reached skill level 4 in Axes
  2182 | D:3      | Found a snail-covered altar of Cheibriados.
  2351 | D:3      | Found a basalt altar of Yredelemnul.
  2361 | D:3      | Reached skill level 1 in Stealth
  2361 | D:3      | Reached XP level 6. HP: 48/48 MP: 6/6
  3043 | D:5      | Entered Level 5 of the Dungeon
  3099 | D:5      | Reached skill level 5 in Axes
  3177 | D:5      | Gained mutation: Spells you cast may paralyse nearby
                  | enemies. [demonic ancestry]
  3177 | D:5      | Reached XP level 7. HP: 52/54 MP: 7/7
  3542 | D:5      | Found a runed translucent door.
  3543 | D:5      | Noticed Crazy Yiuf
  3604 | D:5      | Killed Crazy Yiuf
  3700 | D:6      | Noticed a two-headed ogre
  3700 | D:6      | Noticed a yak
  3703 | D:6      | Found a large runed translucent door.
  3740 | D:6      | Found a large runed translucent door.
  3751 | D:6      | Reached skill level 1 in Shields
  3751 | D:6      | Found a large runed translucent door.
  3751 | D:6      | Noticed Grinder
  3761 | D:6      | Killed Grinder
  3769 | D:6      | Reached *** piety under Trog
  3770 | D:6      | Reached skill level 6 in Axes
  3770 | D:6      | Gained mutation: Your touch may inflict irresistible damage
                  | on your foes. [demonic ancestry]
  3770 | D:6      | Reached XP level 8. HP: 48/61 MP: 8/8
  3957 | D:6      | Noticed a two-headed ogre
  3963 | D:6      | Killed a two-headed ogre
  4096 | D:6      | Identified the +5 great sword of War {flame, +Blink Stlth+}
  4343 | D:6      | Reached skill level 7 in Axes
  4343 | D:6      | Gained mutation: Spells you cast and wands you use may
                  | paralyse nearby enemies. [demonic ancestry]
  4343 | D:6      | Reached XP level 9. HP: 47/67 MP: 9/9
  4443 | D:6      | Reached skill level 5 in Fighting
  4702 | D:6      | Found a large runed translucent door.
  4723 | D:6      | Slain by a yak

Illustrated notes

Levels and vault maps discovered:
D:1:      lemuel_arrival_lava_pool, layout_basic
D:2:      minmay_spotlight, layout_basic, basic_altar
D:3:      layout_rooms, yredelemnul_forgotten_temple_becter, old_standard_altar,
          serial_undead, serial_undead_b, serial_undead_a, serial_undead_b,
          serial_undead_f
D:4:      layout_rooms
D:5:      layout_cave_pools, uniq_crazy_yiuf_cottage
D:6:      layout_cave_pools, minmay_hollow_rounded_squares, uniq_grinder

Skill      XL: |  1  2  3  4  5  6  7  8  9 |
---------------+----------------------------+-----
Axes           | 3 4 5 6 7 |  7.0
Dodging        | 2 3 4 |  4.0
Armour         | 2 3 4 |  4.8
Unarmed Combat | 1 2 3 |  3.3
Stealth        | 1 2 3 |  3.1
Fighting       | 4 5 |  5.0
Shields        | 1 2 |  2.4
Long Blades    | |  0.8

Action                     |  1- 3 |  4- 6 |  7- 9 || total
---------------------------+-------+-------+-------++-------
  Melee: Hand axe          |   110 |   144 |    80 ||   334
         Touch             |     4 |    26 |    18 ||    48
         Punch             |     3 |     3 |       ||     6
         Great sword       |       |       |    18 ||    18
  Throw: Stone             |     1 |       |       ||     1
 Invoke: Berserk           |     1 |     2 |     6 ||     9
    Use: Scroll            |       |     4 |     2 ||     6
         Potion            |       |       |     1 ||     1
   Stab: Sleeping          |     1 |       |       ||     1
 Armour: Animal skin       |    80 |       |       ||    80
         Ring mail         |     9 |    31 |       ||    40
         Plate armour      |       |    46 |    83 ||   129
  Dodge: Dodged            |   102 |    50 |    23 ||   175
  Block: Other             |       |    50 |    41 ||    91
         Reflection        |       |     4 |     1 ||     5
   Form: Blade             |       |       |     1 ||     1
